[Event "Romanian-ch Women 2022"]
[Site "Eforie Nord"]
[Date "2022.02.21"]
[Round "2.11"]
[White "Cosman, Andreea-Marioara"]
[Black "Maria, Lia-Alexandra"]
[Result "1-0"]
[ECO "D11"]
[WhiteElo "2127"]
[BlackElo "1832"]
[Annotator "ChessBase"]
[PlyCount "97"]
[EventDate "2022.02.20"]
[EventType "swiss"]
[EventCountry "ROU"]
[SourceTitle "playchess.com"]
[Source "ChessBase"]
[SourceQuality "1"]
[TimeControl "40/5400+30:900+30"]

1. d4 d5 2. Nf3 Nf6 3. g3 Bf5 4. Bg2 e6 5. c4 c6 6. O-O Nbd7 7. b3 Bd6 8. Bb2 O-O 9. Nc3 Re8 10. Nh4 Bg4 11. Qc2 e5 12. dxe5 Bxe5 13. cxd5 cxd5 14. Nf3 Bd6 15. Rad1 Rc8 16. Qb1 Qa5 17. Qa1 Nb6 18. h3 Bh5 19. Nd4 Bb4 20. Rc1 Nbd7 21. a3 Bd6 22. b4 Qb6 23. Nxd5 Nxd5 24. Rxc8 Rxc8 25. Bxd5 Nf6 26. Bg2 Re8 27. e3 Bg6 28. Nf3 Ne4 29. Bd4 Qd8 30. Bxg7 f6 31. Bh6 a5 32. Qd4 axb4 33. axb4 Qe7 34. Nh4 Bxb4 35. Nxg6 hxg6 36. Bxe4 Qxe4 37. Qxf6 Bf8 38. Bf4 b5 39. Qd4 Qe6 40. g4 b4 41. Rb1 Ra8 42. Qe5 Qa2 43. Qb2 Qa5 44. Qb3+ Kg7 45. Qe6 Qa7 46. Be5+ Kh6 47. g5+ Kxg5 48. Qg4+ Kh6 49. Qh4# 1-0

[Event "Romanian-ch Women 2022"]
[Site "Eforie Nord"]
[Date "2022.02.21"]
[Round "2.12"]
[White "Coman, Emilia-Florentina"]
[Black "Bucur, Denisa-Andreea"]
[Result "1/2-1/2"]
[ECO "A64"]
[WhiteElo "1776"]
[BlackElo "2023"]
[Annotator "NA"]
[PlyCount "94"]
[EventDate "2022.02.20"]
[EventType "swiss"]
[EventCountry "ROU"]
[SourceTitle "playchess.com"]
[Source "ChessBase"]
[SourceQuality "1"]
[TimeControl "40/5400+30:900+30"]

1. d4 Nf6 2. c4 e6 3. g3 c5 4. d5 exd5 5. cxd5 d6 6. Nc3 g6 7. Bg2 Bg7 8. Nf3 O-O 9. O-O Re8 10. Nd2 a6 11. a4 Nbd7 $1 12. e4 Rb8 13. a5 Qc7 14. f4 (14. Nc4 $14) 14... b5 15. axb6 $1 Nxb6 16. Re1 (16. h3 $11) 16... c4 17. Nf3 Nfd7 (17... Ng4 $15 18. Kf1 Nd7) 18. e5 (18. Nd4 $1 $11) 18... Nc5 $11 19. exd6 Rxe1+ 20. Qxe1 Qxd6 21. Qe8+ Qf8 22. Qxf8+ Kxf8 23. Ne5 Nb3 24. Nc6 Rb7 25. Rb1 Bf5 26. Be4 Bxe4 27. Nxe4 Nxd5 28. Ne5 Re7 29. Nc3 Nxc3 30. bxc3 Nxc1 31. Rxc1 Bxe5 32. fxe5 Rxe5 33. Ra1 a5 34. Ra4 Rc5 35. Kf2 Ke7 36. Ke3 Kd6 37. Kd4 h5 38. Ra1 h4 39. Ra2 hxg3 40. hxg3 Kc6 41. Rf2 Rf5 42. Ra2 Rg5 43. Kxc4 Rg4+ 44. Kb3 a4+ 45. Rxa4 Rxg3 46. Ra6+ Kd5 47. Rf6 g5 1/2-1/2

[Event "Romanian-ch Women 2022"]
[Site "Eforie Nord"]
[Date "2022.02.22"]
[Round "3.7"]
[White "Ionescu, Irina"]
[Black "Batagan, Ilinca-Petra"]
[Result "1-0"]
[ECO "B20"]
[WhiteElo "2131"]
[BlackElo "1881"]
[Annotator "NA RC"]
[PlyCount "95"]
[EventDate "2022.02.20"]
[EventType "swiss"]
[EventCountry "ROU"]
[SourceTitle "playchess.com"]
[Source "ChessBase"]
[SourceQuality "1"]
[TimeControl "40/5400+30:900+30"]

1. e4 c5 2. g3 d6 3. Bg2 Nf6 4. d3 Nc6 5. c3 e6 6. f4 Be7 7. Nf3 a6 8. O-O O-O 9. Kh1 Rb8 10. h3 b5 11. g4 Bd7 12. f5 (12. Be3 $11) 12... Ne8 (12... b4 $15) 13. Nbd2 d5 (13... Qc7 $11) 14. Qe1 (14. Nb3 $142) 14... d4 (14... dxe4 $11 15. dxe4 Qc7) 15. cxd4 cxd4 16. Nb3 $1 Qb6 17. Bf4 Rc8 18. Qf2 f6 (18... exf5 $14 19. gxf5 Nf6) 19. fxe6 ({Don't play} 19. Nbxd4 Bc5 $16) 19... Bxe6 20. Nfxd4 Nxd4 21. Qxd4 ({Much less strong is} 21. Nxd4 Bc5 22. Be3 Rd8 23. Nxe6 Bxe3 $14) 21... Qxd4 22. Nxd4 Bf7 23. Rac1 Rxc1 24. Rxc1 g5 25. Bg3 Bd6 26. Bxd6 Nxd6 27. b3 Rc8 28. Rc6 Rxc6 29. Nxc6 Kf8 30. Kg1 Be8 31. Nb4 a5 32. Nd5 Kf7 33. Kf2 b4 34. Ke3 Nb5 35. d4 Bc6 (35... h6 {is a better defense.} 36. Bf1 Kg7) 36. Nxf6 Kxf6 37. e5+ Ke6 38. Bxc6 Nc3 39. Be4 h6 40. Kd3 Nxa2 41. Kc4 Nc3 42. Bf5+ Ke7 43. d5 Ne2 44. d6+ Kd8 45. e6 Nf4 46. Kb5 Nxh3 47. e7+ Ke8 48. Bg6+ 1-0

[Event "Romanian-ch Women 2022"]
[Site "Eforie Nord"]
[Date "2022.02.22"]
[Round "3.10"]
[White "Obada, Ema"]
[Black "Czika, Stefania"]
[Result "1-0"]
[ECO "B01"]
[WhiteElo "2010"]
[BlackElo "1259"]
[Annotator "NA"]
[PlyCount "49"]
[EventDate "2022.02.20"]
[EventType "swiss"]
[EventCountry "ROU"]
[SourceTitle "playchess.com"]
[Source "ChessBase"]
[SourceQuality "1"]
[TimeControl "40/5400+30:900+30"]

1. e4 d5 2. exd5 Qxd5 3. Nc3 Qd6 4. d4 Nf6 5. Bc4 c6 6. Nf3 b5 7. Bb3 Bg4 8. Be3 (8. h3 $16 Bh5 9. O-O) 8... e6 (8... a5 $11) 9. h3 Bf5 (9... Bh5 $14 {might be stronger.}) 10. Ne5 Nbd7 (10... a5 $1 $14) 11. Qf3 Nd5 12. Nxc6 Qxc6 13. Bxd5 exd5 14. Qxf5 Bb4 15. Bd2 Bxc3 16. Bxc3 ({Much worse is} 16. bxc3 O-O $11) 16... O-O 17. O-O Nf6 18. f3 Qc4 $16 19. Rfd1 Rac8 20. a3 Rfe8 21. Re1 h6 22. Re5 Rxe5 23. dxe5 Qc5+ 24. Kh1 d4 25. Bb4 1-0

[Event "Romanian-ch Women 2022"]
[Site "Eforie Nord"]
[Date "2022.02.22"]
[Round "3.11"]
[White "Schiopu, Oana-Magdalena"]
[Black "Nikanova, Ekaterina"]
[Result "0-1"]
[ECO "B04"]
[WhiteElo "1534"]
[BlackElo "1935"]
[Annotator "ChessBase"]
[PlyCount "100"]
[EventDate "2022.02.20"]
[EventType "swiss"]
[EventCountry "ROU"]
[SourceTitle "playchess.com"]
[Source "ChessBase"]
[SourceQuality "1"]
[TimeControl "40/5400+30:900+30"]

1. e4 Nf6 2. e5 Nd5 3. d4 d6 4. exd6 cxd6 5. Nf3 Nb6 6. Nc3 g6 7. Bb5+ Bd7 8. O-O Bg7 9. Bxd7+ Qxd7 10. Re1 h6 11. Bf4 O-O 12. Qe2 Re8 13. Rad1 Nc6 14. Qd2 g5 15. Be3 Nc4 16. Qc1 d5 17. b3 Nb6 18. h4 f6 19. hxg5 hxg5 20. Bxg5 fxg5 21. Qxg5 Rf8 22. Nh4 Qd6 23. Ng6 Rf7 24. Ne5 Nxe5 25. dxe5 Qc5 26. Qe3 Qxe3 27. Rxe3 e6 28. g3 Bf8 29. Kg2 Rc8 30. Rd4 Bc5 31. Rg4+ Rg7 32. Rxg7+ Kxg7 33. Re2 Bxf2 34. Nb5 Bc5 35. Nxa7 Ra8 36. Nb5 Rxa2 37. g4 Ra1 38. Nd6 Bxd6 39. exd6 Kf7 40. g5 Ra8 41. g6+ Kf6 42. Kf3 Rg8 43. Ke3 e5 44. Rh2 Rxg6 45. Rh7 Rg3+ 46. Kd2 Rg7 47. Rh6+ Kg5 48. Re6 Nd7 49. c4 dxc4 50. bxc4 Rg6 0-1

[Event "Romanian-ch Women 2022"]
[Site "Eforie Nord"]
[Date "2022.02.22"]
[Round "4.1"]
[White "Sandu, Mihaela"]
[Black "Bulmaga, Irina"]
[Result "1-0"]
[ECO "C54"]
[WhiteElo "2269"]
[BlackElo "2390"]
[Annotator "NA"]
[PlyCount "119"]
[EventDate "2022.02.20"]
[EventType "swiss"]
[EventCountry "ROU"]
[SourceTitle "playchess.com"]
[Source "ChessBase"]
[SourceQuality "1"]
[TimeControl "40/5400+30:900+30"]

1. e4 e5 2. Nf3 Nc6 3. Bc4 Bc5 4. c3 Nf6 5. d3 d6 6. Bb3 a5 7. Nbd2 O-O 8. O-O h6 9. h3 Be6 10. Re1 Bxb3 11. Qxb3 Qd7 12. Nf1 a4 13. Qc2 Rfe8 14. Rb1 d5 15. b4 axb3 16. axb3 b5 17. b4 Bf8 18. Bd2 dxe4 19. dxe4 Rad8 20. Ra1 Nb8 21. c4 c5 22. bxc5 Rc8 23. Qb2 bxc4 24. Nxe5 Qe6 25. Bc3 Nbd7 26. Nxd7 Nxd7 27. Re3 Nxc5 $15 28. Ng3 Nd3 29. Qe2 g6 30. Nf5 Ra8 31. Rxa8 Rxa8 32. Rg3 Ra3 33. Bd4 Nf4 34. Qb2 Rxg3 35. Nxg3 Qc6 36. Qd2 Ne6 37. Bc3 Qd6 38. Qe3 Qd1+ 39. Kh2 Bc5 40. Qxh6 Bd4 41. Bxd4 Qxd4 42. Qe3 Qe5 43. Qc1 c3 44. Kg1 Nf4 45. Qc2 Qa5 46. Nf1 Qa1 47. g3 Qb2 48. Ne3 Ne2+ 49. Kg2 Nd4 50. Qa4 c2 51. Qe8+ Kg7 52. Qe5+ f6 53. Qe7+ Kg8 54. Ng4 Ne2 55. Nh6+ Kh8 56. Nf7+ Kg8 57. Nh6+ Kh8 58. Qf8+ Kh7 59. Qg8+ Kxh6 60. Qh8+ 1-0

[Event "Romanian-ch Women 2022"]
[Site "Eforie Nord"]
[Date "2022.02.22"]
[Round "4.3"]
[White "Baciu, Anca-Otilia"]
[Black "Peptan, Corina-Isabela"]
[Result "0-1"]
[ECO "B45"]
[WhiteElo "2014"]
[BlackElo "2384"]
[Annotator "NA"]
[PlyCount "58"]
[EventDate "2022.02.20"]
[EventType "swiss"]
[EventCountry "ROU"]
[SourceTitle "playchess.com"]
[Source "ChessBase"]
[SourceQuality "1"]
[TimeControl "40/5400+30:900+30"]

1. e4 c5 2. Nf3 e6 3. d4 cxd4 4. Nxd4 Nc6 5. Nc3 Qc7 6. Nxc6 bxc6 7. Bd3 Nf6 8. O-O Be7 9. Qe2 e5 10. f4 d6 11. Kh1 O-O 12. Bd2 Rb8 13. b3 exf4 14. Bxf4 Ng4 15. Nd1 Bf6 16. Rb1 Be5 $11 17. Bxe5 Nxe5 18. Ne3 Re8 19. Qh5 d5 20. exd5 Nxd3 21. d6 Qb7 22. Nc4 g6 23. Qg5 Nb4 24. d7 Qxd7 25. Qf4 Ba6 26. Rbd1 Nd5 27. Ne5 Nxf4 28. Nxd7 Bxf1 29. Rxf1 Ne6 0-1

[Event "Romanian-ch Women 2022"]
[Site "Eforie Nord"]
[Date "2022.02.22"]
[Round "4.4"]
[White "Hoanca, Alexia-Ioana"]
[Black "Cosma, Elena-Luminita"]
[Result "0-1"]
[ECO "C00"]
[WhiteElo "1710"]
[BlackElo "2281"]
[Annotator "NA"]
[PlyCount "80"]
[EventDate "2022.02.20"]
[EventType "swiss"]
[EventCountry "ROU"]
[SourceTitle "playchess.com"]
[Source "ChessBase"]
[SourceQuality "1"]
[TimeControl "40/5400+30:900+30"]

1. e4 e6 2. d3 d5 3. Nd2 Nf6 4. Ngf3 a5 5. e5 Nfd7 6. d4 c5 7. c3 Nc6 8. Bd3 cxd4 9. cxd4 Qb6 10. O-O Be7 11. Re1 h6 12. a3 (12. a4 $11 {might be stronger.}) 12... Nxd4 $11 (12... g5 $1 $15) 13. Nxd4 Qxd4 14. Nf3 Qb6 15. Be3 Bc5 16. Rb1 Bxe3 17. Rxe3 O-O 18. Ng5 f5 19. exf6 Nxf6 20. Nf3 Ng4 21. Re2 Qd6 22. Rd2 Bd7 23. h3 Ne5 24. Nxe5 Qxe5 25. Qe2 Qxe2 26. Bxe2 Rac8 27. Re1 Rf6 28. Bg4 Kf7 29. Rde2 Ke7 30. f4 Kd6 31. f5 exf5 32. Bf3 Re6 33. Rxe6+ Bxe6 34. g4 Rc2 35. gxf5 Bxf5 36. Rd1 Be6 37. b4 Rc3 38. Bg2 Rxa3 39. bxa5 Rxa5 40. Rb1 b5 0-1

[Event "Romanian-ch Women 2022"]
[Site "Eforie Nord"]
[Date "2022.02.22"]
[Round "4.7"]
[White "Lehaci, Miruna-Daria"]
[Black "Pitigoi, Sabina-Andreea"]
[Result "1-0"]
[ECO "A45"]
[WhiteElo "2125"]
[BlackElo "1766"]
[Annotator "NA"]
[PlyCount "81"]
[EventDate "2022.02.20"]
[EventType "swiss"]
[EventCountry "ROU"]
[SourceTitle "playchess.com"]
[Source "ChessBase"]
[SourceQuality "1"]
[TimeControl "40/5400+30:900+30"]

1. d4 Nf6 2. Bf4 e6 3. e3 c5 4. Nc3 a6 5. Qf3 cxd4 6. exd4 Nc6 7. O-O-O d5 8. g4 Bb4 9. g5 Bxc3 10. Qxc3 Ne4 11. Qe3 b5 12. Ne2 O-O 13. Kb1 Bb7 14. Ng3 Rc8 15. Bd3 Nb4 16. Qe1 a5 17. f3 Nd6 18. h4 Qc7 19. Rh2 Qb6 20. Be5 Nxd3 21. Rxd3 Nf5 22. h5 Rc4 23. h6 g6 24. Nf1 Ba6 25. Ne3 Nxe3 26. Qxe3 b4 27. Qf4 Qd8 28. Bd6 Rc6 29. Bxf8 Bxd3 30. Bxb4 Rxc2 31. Rxc2 axb4 32. Qe5 Bxc2+ 33. Kxc2 Kf8 34. Qh8+ Ke7 35. Qxd8+ Kxd8 36. Kb3 Kc7 37. Kxb4 Kb6 38. f4 Ka6 39. a4 Kb6 40. a5+ Ka6 41. b3 1-0

[Event "Romanian-ch Women 2022"]
[Site "Eforie Nord"]
[Date "2022.02.22"]
[Round "4.9"]
[White "Anghel, Maria"]
[Black "Panainte, Andreea-Bianca"]
[Result "1/2-1/2"]
[ECO "E12"]
[WhiteElo "1834"]
[BlackElo "1865"]
[Annotator "NA"]
[PlyCount "83"]
[EventDate "2022.02.20"]
[EventType "swiss"]
[EventCountry "ROU"]
[SourceTitle "playchess.com"]
[Source "ChessBase"]
[SourceQuality "1"]
[TimeControl "40/5400+30:900+30"]

1. d4 Nf6 2. Nf3 e6 3. c4 b6 4. a3 Bb7 5. Nc3 Be7 6. d5 O-O 7. e4 d6 8. Bd3 a5 9. h3 Na6 10. Be3 Nd7 11. Bc2 Bf6 12. Nd4 Re8 13. O-O Nac5 14. b4 axb4 15. axb4 Na6 16. Rb1 Ne5 17. Qe2 Ng6 18. Ba4 Re7 19. Qd2 Bxd4 20. Bxd4 e5 21. Be3 Qf8 22. c5 bxc5 23. bxc5 Bc8 24. c6 f5 25. f3 f4 26. Bf2 Qf6 27. Bb5 Qg5 28. Kh2 Nc5 29. Bxc5 dxc5 30. Bc4 Qg3+ 31. Kh1 Kh8 32. Ra1 Rxa1 33. Rxa1 Re8 34. Ra8 Nh4 35. Nb5 Nxf3 36. gxf3 Qxh3+ 37. Kg1 Qg3+ 38. Kh1 Qxf3+ 39. Qg2 Qh5+ 40. Qh2 Qd1+ 41. Qg1 Qh5+ 42. Qh2 1/2-1/2

[Event "Romanian-ch Women 2022"]
[Site "Eforie Nord"]
[Date "2022.02.22"]
[Round "4.11"]
[White "Puia, Alexia-Teodora"]
[Black "Dragomirescu, Angela"]
[Result "0-1"]
[ECO "B07"]
[WhiteElo "1750"]
[BlackElo "2167"]
[Annotator "NA"]
[PlyCount "72"]
[EventDate "2022.02.20"]
[EventType "swiss"]
[EventCountry "ROU"]
[SourceTitle "playchess.com"]
[Source "ChessBase"]
[SourceQuality "1"]
[TimeControl "40/5400+30:900+30"]

1. d4 d6 2. e4 Nf6 3. Nc3 g6 4. Bg5 Bg7 5. e5 dxe5 6. dxe5 Ng4 7. Nd5 c6 8. Nxe7 Qa5+ 9. Qd2 Qxd2+ 10. Kxd2 Be6 11. Bh4 $19 Bh6+ 12. Ke2 g5 13. Bg3 Bg7 14. f4 Kxe7 15. h3 Nh6 16. fxg5 Nf5 17. Bf4 Nd7 18. Nf3 Bd5 19. Rd1 h5 20. Kf2 Nc5 21. Bd3 Nxd3+ 22. Rxd3 Be4 23. Rb3 c5 24. Re1 Bd5 25. Rd3 Be6 26. g3 Rac8 27. c3 Rcd8 28. Rxd8 Kxd8 29. g6 fxg6 30. Ng5 Ke7 31. g4 hxg4 32. hxg4 Nh6 33. Nxe6 Kxe6 34. Kf3 Nf7 35. Ke4 Rh4 36. Kf3 Nxe5+ 0-1

[Event "Romanian-ch Women 2022"]
[Site "Eforie Nord"]
[Date "2022.02.23"]
[Round "5.6"]
[White "Obada, Ema"]
[Black "Marin, Irina-Luiza"]
[Result "1-0"]
[ECO "B15"]
[WhiteElo "2010"]
[BlackElo "2058"]
[Annotator "NA RC"]
[PlyCount "75"]
[EventDate "2022.02.20"]
[EventType "swiss"]
[EventCountry "ROU"]
[SourceTitle "playchess.com"]
[Source "ChessBase"]
[SourceQuality "1"]
[TimeControl "40/5400+30:900+30"]

1. e4 c6 2. d4 d5 3. e5 g6 4. Nc3 Bg7 5. Bf4 f6 6. Qd2 $1 fxe5 7. dxe5 Nd7 8. Nf3 e6 (8... Nc5 $14) 9. O-O-O Ne7 10. h4 $14 b5 11. h5 b4 12. Nb1 Qc7 13. Re1 a5 14. Bh6 Bf8 15. Qg5 Nc5 16. Nbd2 Bxh6 17. Qxh6 Nf5 18. Qf4 gxh5 19. Rxh5 Qf7 20. Qh2 Ra7 21. g4 Ng7 22. Rxh7 Rf8 23. Rh8 a4 24. Ng5 Qe7 25. Rxf8+ Qxf8 26. Nh7 Qe7 27. Nf6+ Kd8 28. Re3 Kc7 29. Rh3 Bd7 30. f4 b3 31. cxb3 axb3 32. a3 Ne8 33. Rh7 Qd8 34. Nxd7 Nxd7 35. Nxb3 Kb8 36. Qc2 Rb7 37. Nd4 c5 38. Nc6+ 1-0

[Event "Romanian-ch Women 2022"]
[Site "Eforie Nord"]
[Date "2022.02.23"]
[Round "5.10"]
[White "Pitigoi, Sabina-Andreea"]
[Black "Batagan, Ilinca-Petra"]
[Result "0-1"]
[ECO "E14"]
[WhiteElo "1766"]
[BlackElo "1881"]
[Annotator "NA RC"]
[PlyCount "86"]
[EventDate "2022.02.20"]
[EventType "swiss"]
[EventCountry "ROU"]
[SourceTitle "playchess.com"]
[Source "ChessBase"]
[SourceQuality "1"]
[TimeControl "40/5400+30:900+30"]

1. c4 Nf6 2. Nf3 e6 3. e3 d5 4. b3 Be7 5. Bb2 O-O 6. Nc3 b6 7. cxd5 exd5 8. Be2 Bb7 9. O-O c5 10. d4 Nbd7 11. Rc1 Rc8 12. dxc5 bxc5 13. Na4 Ne4 $11 14. Ne5 Bf6 15. Nxd7 Bxb2 16. Nxb2 Qxd7 17. Bf3 Qe7 18. Qd3 Nf6 19. Rfe1 Rfd8 20. Qf5 Ne8 21. Qf4 g6 22. h4 Ng7 23. e4 d4 24. Nd3 Re8 25. Bg4 Rc7 26. f3 Ba6 27. Nb4 Bb7 28. Nd5 Bxd5 29. exd5 Qd8 30. d6 Rc6 31. d7 Rxe1+ 32. Rxe1 f5 33. Qg5 Qxd7 34. Re7 h6 35. Rxd7 hxg5 36. Bh3 gxh4 37. Kf2 Nh5 38. Ke1 Ng3 39. Rxa7 Kf8 40. Kd1 Rd6 41. a4 d3 42. Rc7 d2 43. Rxc5 Nh1 0-1

[Event "Romanian-ch Women 2022"]
[Site "Eforie Nord"]
[Date "2022.02.23"]
[Round "5.11"]
[White "Panainte, Andreea-Bianca"]
[Black "Hoanca, Alexia-Ioana"]
[Result "1-0"]
[ECO "B19"]
[WhiteElo "1865"]
[BlackElo "1710"]
[Annotator "NA RC"]
[PlyCount "97"]
[EventDate "2022.02.20"]
[EventType "swiss"]
[EventCountry "ROU"]
[SourceTitle "playchess.com"]
[Source "ChessBase"]
[SourceQuality "1"]
[TimeControl "40/5400+30:900+30"]

1. e4 c6 2. d4 d5 3. Nc3 dxe4 4. Nxe4 Bf5 5. Ng3 Bg6 $1 6. h4 h6 $1 7. h5 Bh7 8. Nf3 Nd7 9. Bd3 Bxd3 10. Qxd3 ({Don't play} 10. cxd3 Ngf6 $15) 10... e6 11. Bd2 Qc7 12. O-O-O O-O-O 13. Ne4 Ngf6 14. g3 Nxe4 15. Qxe4 Nf6 16. Qe2 Bd6 17. c4 c5 18. Bc3 cxd4 19. Nxd4 $11 Qe7 20. a3 a6 21. b4 Kb8 22. Kb1 Bc7 23. c5 Nd5 24. Bb2 a5 25. Qb5 Ka8 26. bxa5 Bb8 27. a6 bxa6 28. Qxa6+ Qa7 29. Qc4 Rc8 30. Rc1 Bc7 31. Nc6 Nb6 32. Nxa7 Nxc4 33. Nxc8 Nxb2 34. Kxb2 Be5+ 35. Kb3 Rxc8 36. Rhd1 Kb7 37. Rd7+ Kc6 38. Rcd1 Ra8 39. f4 Bc7 40. a4 Rb8+ 41. Ka3 Ba5 42. Rxf7 Kxc5 43. Rxg7 Kc4 44. Rc1+ Kd3 45. Ra7 Bb4+ 46. Ka2 Bf8 47. Rb1 Rc8 48. Rd7+ Kc2 49. Rdd1 1-0

[Event "Romanian-ch Women 2022"]
[Site "Eforie Nord"]
[Date "2022.02.23"]
[Round "5.12"]
[White "Coman, Emilia-Florentina"]
[Black "Maria, Lia-Alexandra"]
[Result "0-1"]
[ECO "D26"]
[WhiteElo "1776"]
[BlackElo "1832"]
[Annotator "NA RC"]
[PlyCount "58"]
[EventDate "2022.02.20"]
[EventType "swiss"]
[EventCountry "ROU"]
[SourceTitle "playchess.com"]
[Source "ChessBase"]
[SourceQuality "1"]
[TimeControl "40/5400+30:900+30"]

1. d4 d5 2. c4 dxc4 3. Nc3 Nf6 4. e3 a6 5. Bxc4 e6 6. Nf3 b5 7. Bd3 Bb7 8. Qc2 (8. e4 $11) 8... Nbd7 9. Ne4 Be7 10. Bd2 Rc8 $11 11. Nc5 Nxc5 12. dxc5 Bxf3 13. gxf3 Qd5 14. Be2 Bxc5 15. b4 Be7 16. Rg1 O-O 17. Rd1 Qb7 18. Bc3 c5 19. Qb2 Kh8 20. bxc5 Rxc5 21. Bb4 Rd5 22. Rxd5 exd5 23. Bc3 Qc6 24. Kd2 Rc8 25. Bd4 Qc7 26. Rg3 Qa5+ 27. Kd3 Ba3 28. Qa1 Qa4 29. e4 Qc2+ 0-1

[Event "Romanian-ch Women 2022"]
[Site "Eforie Nord"]
[Date "2022.02.24"]
[Round "6.1"]
[White "Lehaci, Miruna-Daria"]
[Black "Ciolacu, Alessia-Mihaela"]
[Result "1/2-1/2"]
[ECO "B23"]
[WhiteElo "2125"]
[BlackElo "2239"]
[Annotator "RC"]
[PlyCount "68"]
[EventDate "2022.02.20"]
[EventType "swiss"]
[EventCountry "ROU"]
[SourceTitle "playchess.com"]
[Source "ChessBase"]
[SourceQuality "1"]
[TimeControl "40/5400+30:900+30"]

1. e4 e5 2. Nc3 Nf6 3. g3 c6 4. d4 exd4 5. Qxd4 d5 6. exd5 cxd5 7. Bg5 Be7 8. Bg2 Nc6 9. Qd2 d4 10. Bxf6 Bxf6 11. Nd5 Be6 12. Nxf6+ Qxf6 13. Ne2 Rd8 14. O-O O-O 15. Nf4 Bf5 16. Rfe1 Rd7 17. Nd3 Qd6 18. h3 h6 19. Re2 Bxd3 20. Qxd3 Nb4 21. Qd1 Rfd8 22. Rd2 Qb6 23. Be4 Re7 24. Qf3 Rde8 25. Re2 Nxc2 26. Rc1 Nb4 27. Rce1 Re6 28. a3 Nc6 29. Bd5 Ne5 30. Rxe5 Rxe5 31. Qxf7+ Kh7 32. Rxe5 Rxe5 33. Qg8+ Kg6 34. Qf7+ Kh7 1/2-1/2

[Event "Romanian-ch Women 2022"]
[Site "Eforie Nord"]
[Date "2022.02.24"]
[Round "6.2"]
[White "Sandu, Mihaela"]
[Black "Baciu, Anca-Otilia"]
[Result "1-0"]
[ECO "B84"]
[WhiteElo "2269"]
[BlackElo "2014"]
[Annotator "RC"]
[PlyCount "39"]
[EventDate "2022.02.20"]
[EventType "swiss"]
[EventCountry "ROU"]
[SourceTitle "playchess.com"]
[Source "ChessBase"]
[SourceQuality "1"]
[TimeControl "40/5400+30:900+30"]

1. e4 c5 2. Nf3 e6 3. d4 cxd4 4. Nxd4 Nf6 5. Nc3 d6 6. Be2 a6 7. a4 Qc7 8. O-O Be7 9. Kh1 b6 10. f4 Bb7 11. Bf3 Nbd7 12. Qe1 g6 13. e5 Nd5 14. Nxd5 Bxd5 15. Bxd5 exd5 16. e6 Nf6 17. f5 O-O-O 18. exf7 Qc4 19. Ne6 Rd7 20. Bh6 1-0

[Event "Romanian-ch Women 2022"]
[Site "Eforie Nord"]
[Date "2022.02.24"]
[Round "6.3"]
[White "Cosma, Elena-Luminita"]
[Black "Obada, Ema"]
[Result "1/2-1/2"]
[ECO "E18"]
[WhiteElo "2281"]
[BlackElo "2010"]
[Annotator "RC"]
[PlyCount "75"]
[EventDate "2022.02.20"]
[EventType "swiss"]
[EventCountry "ROU"]
[SourceTitle "playchess.com"]
[Source "ChessBase"]
[SourceQuality "1"]
[TimeControl "40/5400+30:900+30"]

1. d4 e6 2. g3 Nf6 3. Bg2 Be7 4. c4 d5 5. Nc3 O-O 6. Nf3 b6 7. cxd5 exd5 8. O-O Bb7 9. Bf4 Na6 10. Rc1 c5 11. Ne5 Nc7 12. dxc5 Bxc5 13. Qb3 Ne6 14. Rcd1 Nd4 15. Qa4 b5 16. Nxb5 Nxe2+ 17. Kh1 Nxf4 18. Qxf4 Ba6 19. a4 Qb6 20. Ng4 Nxg4 21. Qxg4 Bxb5 22. axb5 Qxb5 23. Bxd5 Rad8 24. Qf3 Bd4 25. Bb3 a5 26. Kg2 Bf6 27. h4 Rb8 28. Rd3 a4 29. Bc2 Bxb2 30. Qe4 g6 31. Bxa4 Qb4 32. Qxb4 Rxb4 33. Bb3 Rfb8 34. Bd5 Rd4 35. Rxd4 Bxd4 36. Rd1 Bc5 37. Rc1 Rc8 38. Rc4 1/2-1/2

[Event "Romanian-ch Women 2022"]
[Site "Eforie Nord"]
[Date "2022.02.24"]
[Round "6.4"]
[White "Cosman, Andreea-Marioara"]
[Black "Bulmaga, Irina"]
[Result "1/2-1/2"]
[ECO "E61"]
[WhiteElo "2127"]
[BlackElo "2390"]
[Annotator "RC"]
[PlyCount "83"]
[EventDate "2022.02.20"]
[EventType "swiss"]
[EventCountry "ROU"]
[SourceTitle "playchess.com"]
[Source "ChessBase"]
[SourceQuality "1"]
[TimeControl "40/5400+30:900+30"]

1. d4 d6 2. Nf3 Nf6 3. c4 g6 4. Nc3 Bg7 5. Bg5 O-O 6. e3 c6 7. Be2 Nbd7 8. Qc2 h6 9. Bh4 e5 10. Rd1 Qa5 11. O-O Re8 12. a3 Qc7 13. b4 b6 14. dxe5 dxe5 15. Nd2 Nf8 16. Nde4 Nxe4 17. Nxe4 Bf5 18. g4 Bxe4 19. Qxe4 Nh7 20. Rd2 Bf6 21. Bg3 Ng5 22. Qg2 Ne6 23. Bf3 Rac8 24. Rfd1 Red8 25. Qf1 a5 26. Rxd8+ Rxd8 27. Rxd8+ Bxd8 28. Qg2 axb4 29. axb4 Nf4 30. exf4 exf4 31. Bxc6 fxg3 32. hxg3 Be7 33. b5 Bc5 34. Qf3 Qe7 35. Kg2 Kg7 36. Bd5 Qf6 37. Qe2 Qe7 38. Qd2 Qf6 39. Bf3 Qd6 40. Qc2 Qe5 41. Bd5 Qf6 42. Qe2 1/2-1/2

[Event "Romanian-ch Women 2022"]
[Site "Eforie Nord"]
[Date "2022.02.24"]
[Round "6.5"]
[White "Peptan, Corina-Isabela"]
[Black "Nikanova, Ekaterina"]
[Result "1-0"]
[ECO "D11"]
[WhiteElo "2384"]
[BlackElo "1935"]
[Annotator "RC"]
[PlyCount "55"]
[EventDate "2022.02.20"]
[EventType "swiss"]
[EventCountry "ROU"]
[SourceTitle "playchess.com"]
[Source "ChessBase"]
[SourceQuality "1"]
[TimeControl "40/5400+30:900+30"]

1. d4 d5 2. Nf3 Nf6 3. c4 c6 4. Qc2 Bg4 5. Ne5 e6 6. cxd5 exd5 7. Nc3 Bh5 8. Bg5 Be7 9. O-O-O Bg6 10. Nxg6 hxg6 11. e3 Nbd7 12. g3 Nf8 13. Bxf6 Bxf6 14. e4 Ne6 15. exd5 cxd5 16. Qa4+ Kf8 17. Bg2 Rh5 18. Kb1 Kg8 19. f4 a6 20. Ne2 Rc8 21. Qb3 Rc4 22. Qxb7 Nxd4 23. Nxd4 Bxd4 24. g4 a5 25. Rxd4 Rxd4 26. gxh5 Qf6 27. Qc8+ Kh7 28. Qc2 1-0

[Event "Romanian-ch Women 2022"]
[Site "Eforie Nord"]
[Date "2022.02.24"]
[Round "6.6"]
[White "Batagan, Ilinca-Petra"]
[Black "Dragomirescu, Angela"]
[Result "1/2-1/2"]
[ECO "E61"]
[WhiteElo "1881"]
[BlackElo "2167"]
[Annotator "NA RC"]
[PlyCount "62"]
[EventDate "2022.02.20"]
[EventType "swiss"]
[EventCountry "ROU"]
[SourceTitle "playchess.com"]
[Source "ChessBase"]
[SourceQuality "1"]
[TimeControl "40/5400+30:900+30"]

1. d4 Nf6 2. c4 c5 3. e3 g6 4. Nf3 Bg7 5. Nc3 O-O 6. e4 d6 (6... Qa5 $11 {feels stronger.}) 7. Be2 b6 8. dxc5 (8. O-O $14) 8... dxc5 9. Qc2 (9. e5 $5 Qxd1+ 10. Bxd1 $11) 9... Nc6 10. Bf4 Bb7 $11 11. Rd1 Qe8 12. O-O e5 13. Bg5 Nh5 14. Nd5 Rc8 15. a3 h6 16. Bc1 f5 17. Bd3 f4 18. b4 g5 19. h3 Nf6 20. b5 Nd8 21. Bb2 Nf7 22. Rfe1 Qe6 23. Bf1 h5 24. a4 Nh7 25. a5 Rcd8 26. Rd2 Bf6 27. Red1 Kh8 28. a6 Bc8 29. Nc7 Rxd2 30. Rxd2 Qe7 31. Nd5 Qe6 1/2-1/2